 Dungeon Crawl Stone Soup version 0.17-a0-1887-g3e50df6 (webtiles) character file.

7730 Ijustatesigmund the Slinger (level 11, -7/71 HPs)
             Began as a Halfling Hunter on Sept 23, 2015.
             Was an Elder of Dithmenos.
             Mangled by a hill giant
             ... wielding a +0 giant club
              (33 damage)
             ... on level 10 of the Dungeon.
             The game lasted 00:50:17 (10182 turns).

Ijustatesigmund the Slinger (Halfling Hunter)      Turns: 10182, Time: 00:50:17

Health: -7/71      AC: 14    Str: 12    XL:     11   Next: 42%
Magic:  16/16      EV: 20    Int: 10    God:    Dithmenos [****..]
Gold:   790        SH:  0    Dex: 24    Spells: 0 memorised, 10 levels left

rFire  + . .     SeeInvis .     B - +2 dagger (elec)
rCold  + . .     Clarity  .     I - +2 scale mail {rC+}
rNeg   . . .     SustAt   .     (shield restricted)
rPois  .         Gourm    .     J - +0 helmet
rElec  .         Spirit   .     (no cloak)
rCorr  .         Warding  .     H - +0 pair of gloves
rMut   .         Stasis   .     G - +0 pair of boots
MR     .....                    o - amulet of regeneration
Stlth  ++++++++..               w - ring of protection from fire
                                n - +2 ring of protection

@: agile, wreathed by umbra, not resistant to hostile enchantments,
extraordinarily stealthy
A: mutation resistance 1
a: Shadow Step, Renounce Religion


You were on level 10 of the Dungeon.
You worshipped Dithmenos.
Dithmenos was greatly pleased with you.
You were not hungry.

You visited 3 branches of the dungeon, and saw 12 of its levels.
You also visited: Sewer and Bailey.

You collected 930 gold pieces.
You spent 140 gold pieces at shops.

Inventory:

Hand weapons
 a - a +3 hunting sling
 B - a +2 dagger of electrocution (weapon)
Missiles
 b - 3 silver tomahawks
 f - 381 stones (quivered)
 D - 17 silver sling bullets
Armour
 G - a +0 pair of boots (worn)
 H - a +0 pair of gloves (worn)
 I - a +2 scale mail of cold resistance (worn)
 J - a +0 helmet (worn)
Jewellery
 n - a +2 ring of protection (left hand)
 o - an amulet of regeneration (around neck)
 p - a +5 ring of strength
 w - a ring of protection from fire (right hand)
 y - an uncursed ring of teleportation
Magical devices
 h - a wand of magic darts (20)
 j - a wand of digging (12)
 x - a wand of cold (6)
Scrolls
 e - 5 scrolls of fog
 i - 4 scrolls of recharging
 m - 4 scrolls of teleportation
 q - 2 scrolls of summoning
 r - 2 scrolls of remove curse
 E - 5 scrolls of identify
Potions
 g - a potion of agility
 k - 3 potions of curing
 l - 4 potions of heal wounds
 s - a potion of brilliance
 z - a potion of magic
 A - a potion of might
 F - a potion of flight
Books
 d - the Reference Book on Calling
   (You found it on level 1 of the Lair of Beasts)

   Spells                             Type                      Level
   a - Summon Small Mammal            Summoning                    1
   b - Summon Ice Beast               Ice/Summoning                4
   c - Summon Lightning Spire         Summoning/Air                4
   d - Dragon's Call                  Summoning                    9
Comestibles
 c - 8 chunks of flesh
 t - 3 beef jerkies
 v - 8 bread rations
 K - 4 meat rations


   Skills:
 - Level 5.0 Fighting
 - Level 8.0 Short Blades
 + Level 12.4 Slings
 - Level 3.5 Armour
 + Level 5.0 Dodging
 * Level 11.0 Stealth
 + Level 7.1 Invocations


You had 10 spell levels left.
You didn't know any spells.

Dungeon Overview and Level Annotations

Branches:
Dungeon (10/15)            Temple (1/1) D:4            Lair (1/8) D:8
    Orc: D:9-12

Altars:
Ashenzari
Cheibriados
Dithmenos
Elyvilon
Fedhas
Gozag
Kikubaaqudgha
Makhleb
Nemelex Xobeh
Okawaru
Qazlal
Ru
Sif Muna
Trog
Vehumet
Xom
Yredelemnul
Zin
The Shining One

Shops:
D:4 (   D:5 }   D:6 !

Annotations:
Lair:1 stickyfingers's ghost, experienced MiCj


Innate Abilities, Weirdness & Mutations

You are small and have problems with some larger weapons.
You are somewhat resistant to further mutation.


Message History

This raw flesh tastes terrible.
You continue eating. x2
An adder and a hill giant come into view.
The hill giant shouts!
Wield which item (- for none, * to show all)? (? for menu, Esc to quit)
You hear the crackle of electricity.
B - a +2 dagger of electrocution (weapon)
The hill giant hits you with a giant club!!
You hit the hill giant.
The hill giant is lightly wounded.
You hit the hill giant.
The hill giant is lightly wounded.
Your shadow hits the hill giant but does no damage.
The hill giant hits you with a giant club!!
Your scale mail prevents you from hitting the hill giant.
The hill giant is lightly wounded.
Drink which item? (? for menu, Esc to quit)
You feel agile all of a sudden.
The hill giant hits you with a giant club!!
You die...

## . #####.#
...#S ... ..
##.# #.
#####..#####
#..
#.....SC@..#
.#.
#.###.####.#
##. #. #.#
##.## #. #.#
##..#
#.####.# #
#.# #...##.#
###.#
###.##.#
....# #.##.#
###.# #.##.#


You could see a hill giant and an adder.

Vanquished Creatures
  An unseen horror (D:10)
  Pikel (D:9)
  2 orc knights (Bailey)
  An elephant (D:8)
  A spriggan (D:7)
  A hippogriff (D:8)
  2 hungry ghosts
  Menkaure (D:7)
  2 water moccasins
  A sky beast (D:8)
  2 phantoms
  4 ice beasts
  4 orc warriors
  3 slaves (D:9)
  8 ogres
  3 centaurs
  A big kobold (D:7)
  5 giant frogs
  A wyvern zombie (D:8)
  A wyvern skeleton (D:9)
  4 scorpions
  2 killer bees (Lair:1)
  3 electric eels (D:9)
  A wight (D:8)
  A centaur zombie (D:8)
  3 crimson imps
  3 jellies
  4 orc priests
  7 orc wizards
  3 giant frog zombies
  5 hounds
  A giant frog skeleton (D:6)
  4 iguanas
  4 worker ants
  2 sheep (D:8)
  The ghost of ololoev the Skirmisher, a weakling MiBe of Trog (D:3)
  A hound zombie (D:8)
  2 hound skeletons
  A worker ant zombie (D:8)
  12 adders
  17 gnolls
  A river rat (D:5)
  A shadow imp (D:9)
  4 oozes (Sewer)
  7 worms
  An adder skeleton (D:8)
  8 giant geckos
  48 orcs
  6 hobgoblins
  15 jackals
  20 kobolds
  6 quokkas
  8 ball pythons
  16 bats
  5 giant cockroaches
  2 giant gecko skeletons
  9 giant newts
  9 goblins
  2 jackal skeletons
  A quokka skeleton (D:4)
  8 rats
303 creatures vanquished.

Vanquished Creatures (collateral kills)
  A two-headed ogre (D:9)
  A crimson imp (D:9)
2 creatures vanquished.

Vanquished Creatures (others)
  A quokka (D:9)
  A bush (D:8)
  4 plants (D:8)
6 creatures vanquished.

Grand Total: 311 creatures vanquished

Notes
Turn   | Place    | Note
--------------------------------------------------------------
     0 | D:1      | Ijustatesigmund the Halfling Hunter began the quest for the Orb.
     0 | D:1      | Reached XP level 1. HP: 14/14 MP: 1/1
    86 | D:1      | Reached skill level 6 in Slings
   108 | D:1      | Reached XP level 2. HP: 19/19 MP: 2/2
   322 | D:1      | Reached XP level 3. HP: 24/24 MP: 3/3
   789 | D:2      | Reached skill level 7 in Slings
  1267 | D:2      | Found a sacrificial altar of Ru.
  1399 | D:2      | Found a basalt altar of Yredelemnul.
  1673 | D:3      | Reached XP level 4. HP: 29/29 MP: 4/4
  1749 | D:3      | Noticed ololoev's ghost (weakling MiBe)
  1890 | D:3      | Killed ololoev's ghost
  1890 | D:3      | Reached skill level 1 in Short Blades
  1983 | D:3      | Reached XP level 5. HP: 30/34 MP: 5/5
  2056 | D:3      | Reached skill level 8 in Slings
  2201 | D:3      | Reached XP level 6. HP: 39/39 MP: 6/6
  2345 | D:3      | Found a radiant altar of Vehumet.
  2918 | D:4      | Found a burning altar of Makhleb.
  2999 | D:4      | Found a staircase to the Ecumenical Temple.
  3005 | Temple   | Entered the Ecumenical Temple
  3062 | Temple   | Became a worshipper of Dithmenos the Shadowed
  3265 | D:4      | Found a stormy altar of Qazlal.
  3357 | D:4      | Found Tiahoro's Antique Weapon Shoppe.
  3365 | D:4      | Bought a runed dagger for 56 gold pieces
  3381 | D:4      | Reached skill level 9 in Slings
  3476 | D:4      | Reached XP level 7. HP: 19/44 MP: 7/7
  3859 | D:5      | Entered Level 5 of the Dungeon
  3900 | D:5      | Reached skill level 10 in Slings
  3948 | D:5      | Reached XP level 8. HP: 49/49 MP: 8/8
  3991 | D:5      | Reached skill level 5 in Stealth
  4279 | D:5      | Reached skill level 5 in Short Blades
  4373 | D:5      | Reached skill level 11 in Slings
  4446 | D:5      | Found Pavvuile's Gadget Boutique.
  4487 | D:5      | Found a glowing drain.
  4501 | Sewer    | Entered a sewer
  5074 | Sewer    | Acquired Dithmenos's first power
  5703 | D:6      | Reached skill level 1 in Armour
  5703 | D:6      | Reached skill level 1 in Invocations
  5808 | D:6      | Reached XP level 9. HP: 54/54 MP: 10/10
  5849 | D:6      | Found Buhustricw's Distillery.
  5856 | D:6      | Bought a potion of heal wounds for 70 gold pieces
  5856 | D:6      | Bought a potion of degeneration for 14 gold pieces
  6169 | D:7      | Got a glittering pewter ring
  6173 | D:7      | Identified a ring "Oghoqum" {rN+ Stlth-} (You found it on level 7 of the Dungeon)
  7135 | D:7      | Found a deep blue altar of Sif Muna.
  7140 | D:7      | Noticed Menkaure
  7143 | D:7      | Killed Menkaure
  7145 | D:7      | Found a glowing golden altar of the Shining One.
  7177 | D:8      | Found an iron altar of Okawaru.
  7223 | D:8      | Found a staircase to the Lair.
  7223 | D:8      | Noticed an elephant
  7277 | D:7      | Reached XP level 10. HP: 20/60 MP: 13/13
  7438 | D:8      | Reached skill level 5 in Invocations
  7524 | D:8      | Killed an elephant
  7583 | D:8      | Acquired Dithmenos's second power
  7720 | D:8      | Reached skill level 5 in Dodging
  8214 | D:8      | Found a blossoming altar of Fedhas.
  8410 | Lair:1   | Entered Level 1 of the Lair of Beasts
  8490 | Lair:1   | Identified the Reference Book on Calling
  8529 | Lair:1   | Noticed stickyfingers's ghost (experienced MiCj)
  8717 | D:9      | Found a flagged portal.
  8730 | Bailey   | Entered a bailey
  8830 | Bailey   | Noticed an orc knight
  8830 | Bailey   | Noticed an orc knight
  8830 | Bailey   | Found a bloodstained altar of Trog.
  8840 | Bailey   | Killed an orc knight
  8855 | Bailey   | Killed an orc knight
  8855 | Bailey   | Reached skill level 10 in Stealth
  8855 | Bailey   | Reached XP level 11. HP: 48/70 MP: 12/15
  8995 | D:9      | Noticed Pikel
  9049 | D:9      | Killed Pikel
  9049 | D:9      | Reached skill level 12 in Slings
  9622 | D:9      | Found a shattered altar of Ashenzari.
  9814 | D:9      | Found a glowing silver altar of Zin.
  9815 | D:9      | Found an opulent altar of Gozag.
 10010 | D:10     | Entered Level 10 of the Dungeon
 10036 | D:10     | Killed an unseen horror
 10036 | D:10     | Reached skill level 5 in Fighting
 10071 | D:10     | Acquired Dithmenos's third power
 10175 | D:10     | Noticed a hill giant
 10182 | D:10     | Mangled by a hill giant

Vault maps used:
D:1:      minmay_arrival_solitary_statue
D:2:      lemuel_doored_altar, nicolae_ru_the_path_less_chosen, serial_forest,
          infiniplex_forest_lined_3_way, infiniplex_forest_clump_large,
          infiniplex_forest_lined_2, infiniplex_forest_end_2,
          infiniplex_forest_corner_1, infiniplex_forest_end_double,
          infiniplex_forest_lined_2, infiniplex_forest_end_2
D:3:      nicolae_overflow_crystal_walls
D:4:      lemuel_coloured_pillars_altar, temple_statues, serial_shops,
          kennysheep_little_box, makhleb_heckhound_becter
D:5:      portal_sewer_entry_e, serial_shops, shop, first_bread
D:6:      serial_shops, nicolae_shop_temple_entry_statues_fountains
D:7:      amethyst_overflow_temple_binary, the_bakery, uniq_menkaure
D:8:      minmay_four_partial_circles, fedhas_altar_decomposition,
          okawaru_metal_pillars_1_2, david_lair_generic
D:9:      wad_lake_hut, grunt_temple_overflow_gold_and_silver,
          lemuel_round_altar, lightli_bailey_entry_fortress, uniq_pikel
Temple:   temple_island_7
Sewer:    sewer_fruit_machine
Bailey:   bailey_axe_3, bailey

Action                   |  1- 3 |  4- 6 |  7- 9 | 10-12 || total
-------------------------+-------+-------+-------+-------++-------
Melee: Rapier            |    17 |     3 |       |       ||    20
       Dagger            |       |       |     2 |    61 ||    63
       Hunting sling     |       |       |       |     1 ||     1
 Fire: Hunting sling     |    84 |   177 |   499 |   516 ||  1276
Throw: Stone             |    83 |    11 |       |       ||    94
Invok: Shadow Step       |       |       |       |     1 ||     1
Evoke: Wand              |       |       |       |     1 ||     1
  Use: Scroll            |    10 |     1 |    11 |     3 ||    25
       Potion            |       |     1 |     3 |     3 ||     7
 Stab: Sleeping          |       |       |     1 |     1 ||     2
       Invisible         |       |       |       |     5 ||     5
  Eat: Bread ration      |     1 |       |     1 |     2 ||     4
       Chunk             |       |     3 |    13 |     9 ||    25
       Beef jerky        |       |       |       |     1 ||     1
